 Dungeon Crawl Stone Soup version 0.30.0-30-g96aa6591b8 (webtiles) character file.

Game seed: 10839111552365371295

54300 DemonSlayer the Thaumaturge (level 14, -1/94 HPs)
             Began as a Demonspawn Earth Elementalist on June 26, 2023.
             Was a High Priest of Dithmenos.
             Shot with an arrow by Nessos (3 damage)
             ... on level 13 of the Dungeon.
             The game lasted 01:20:01 (26763 turns).

DemonSlayer the Thaumaturge (DsEE)                 Turns: 26763, Time: 01:20:03

Health: -1/94      AC: 11    Str: 13    XL:     14   Next: 34%
Magic:  30/30      EV: 13    Int: 32    God:    Dithmenos [*****.]
Gold:   1866       SH:  0    Dex: 12    Spells: 4/37 levels left

rFire   + . .        u - +4 dagger "Ziteuj" {flame, rC+ Str+3 Dex-3 Stlth+}
rCold   + + .        (no shield)
rNeg    + + .        A - +2 troll leather armour
rPois   +            (helmet unavailable)
rElec   .            E - scarf {rC+ rF+}
rCorr   .            w - +2 pair of gloves "Peczepte" {Int+3 SInv Stlth+}
SInv    +            s - +0 pair of boots
Will    ++...        G - amulet of regeneration
Stlth   ++++++++++   k - ring "Kusarch" {rN+ Int+6}
HPRegen 1.95/turn    b - ring "Supt" {rPois rN+}
MPRegen 0.22/turn

%: no passive effects
@: lethally poisoned (-1 -> -3), wreathed by umbra, invisible
A: antennae 3, spiny 2, big brain 2, demonic magic 1, demonic willpower
a: Renounce Religion, Shadow Step, Shadow Form


You were on level 13 of the Dungeon.
You worshipped Dithmenos.
Dithmenos was extremely pleased with you.
You visited 3 branches of the dungeon, and saw 18 of its levels.
You also visited: Bailey and Gauntlet.

You collected 2841 gold pieces.
You spent 975 gold pieces at shops.

Inventory:

Hand Weapons
 u - the +4 dagger "Ziteuj" (weapon) {flame, rC+ Str+3 Dex-3 Stlth+}
   (You found it in a Gauntlet)

   Str:       It affects your strength (+3).
   Dex:       It affects your dexterity (-3).
   rC:        It protects you from cold.
   Stlth:     It makes you more stealthy.
Missiles
 g - 3 atropa-tipped darts
 v - 2 curare-tipped darts
Armour
 i - +4 shadow dragon scales
 s - a +0 pair of boots (worn)
 w - the +2 pair of gloves "Peczepte" (worn) {Int+3 SInv Stlth+}
   (You found it in a Gauntlet)

   Int:       It affects your intelligence (+3).
   SInv:      It lets you see invisible.
   Stlth:     It makes you more stealthy.
 A - a +2 troll leather armour (worn)
 E - a scarf of resistance (worn)
 I - a +0 tower shield of reflection
Jewellery
 b - the ring "Supt" (right hand) {rPois rN+}
   (You acquired it in a bailey)

   [ring of poison resistance]

   rPois:     It protects you from poison.
   rN:        It protects you from negative energy.
 k - the ring "Kusarch" (left hand) {rN+ Int+6}
   (You found it in a Gauntlet)

   [ring of intelligence]

   Int:       It affects your intelligence (+6).
   rN:        It protects you from negative energy.
 x - a +6 ring of strength
 G - an amulet of regeneration (around neck)
 L - a ring of flight
Wands
 f - a wand of paralysis (11)
 m - a wand of flame (10)
 p - a wand of mindburst (21)
 t - a wand of roots (14)
 z - a wand of polymorph (20)
 M - a wand of digging (8)
Scrolls
 a - 2 scrolls of immolation
 c - 8 scrolls of teleportation
 q - a scroll of amnesia
 y - 6 scrolls of vulnerability
 C - a scroll of fog
 N - 2 scrolls of blinking
 P - a scroll of fear
 R - a scroll of enchant weapon
Potions
 e - 7 potions of lignification
 h - a potion of resistance
 j - 3 potions of might
 n - 2 potions of brilliance
 r - 2 potions of attraction
 B - 2 potions of berserk rage
 D - a potion of cancellation {unknown}
 F - 6 potions of mutation
 H - a potion of magic
 J - 4 potions of curing
 K - 5 potions of flight
Miscellaneous
 d - a box of beasts
 O - a phial of floods
 Q - a phantom mirror


   Skills:
 + Level 3.7 Fighting
 + Level 3.0 Short Blades
 + Level 4.7 Polearms
 + Level 3.1 Ranged Weapons
 + Level 0.8 Throwing
 + Level 4.5 Armour
 + Level 4.9 Dodging
 + Level 10.6 Stealth
 + Level 1.4 Shields
 + Level 12.0 Spellcasting
 + Level 9.3 Conjurations
 + Level 0.8 Transmutations
 + Level 12.0 Earth Magic
 + Level 3.6 Evocations


You had 4 spell levels left.
You knew the following spells:

 Your Spells              Type           Power      Damage    Failure   Level
a - Sandblast             Erth           100%       2d20      1%          1
b - Passwall              Tmut/Erth      47%        N/A       1%          2
c - Stone Arrow           Conj/Erth      100%       3d13      1%          3
d - Petrify               Tmut/Erth      57%        N/A       2%          4
e - Ignite Poison         Fire/Tmut/Pois 21%        N/A       9%          3
f - Summon Hydra          Summ           9%         N/A       100%        7
g - Summon Guardian Gole  Hex/Summ       19%        N/A       9%          3
h - Eringya's Noxious Bo  Tmut/Pois      11%        N/A       98%         6
i - Fulminant Prism       Conj/Hex       24%        3d12      4%          4

Your spell library contained the following spells:

 Spells                   Type           Power      Damage    Failure   Level
 Hailstorm                Conj/Ice       49%        3d11      1%          3
 Apportation              Tloc           38%        N/A       3%          1
 Necrotise                Necr           76%        1d7       3%          1
 Slow                     Hex            76%        N/A       3%          1
 Summon Small Mammal      Summ           76%        N/A       3%          1
 Cigotuvi's Dreadful Rot  Necr/Pois/Air  38%        N/A       4%          2
 Ensorcelled Hibernation  Hex/Ice        38%        N/A       4%          2
 Iskenderun's Mystic Bla  Conj/Tloc      49%        2d11      4%          4
 Spider Form              Tmut/Pois      22%        N/A       8%          3
 Confusing Touch          Hex            19%        N/A       9%          3
 Ozocubu's Armour         Ice            19%        N/A       9%          3
 Vampiric Draining        Necr           19%        2d7       9%          3
 Volatile Blastmotes      Fire/Tloc      38%        2d13      9%          3
 Ice Form                 Ice/Tmut       22%        N/A       26%         4
 Anguish                  Hex/Necr       9%         N/A       30%         4
 Lee's Rapid Deconstruct  Erth           38%        3d19*     1%          5
 Freezing Cloud           Conj/Ice/Air   19%        6-21      24%         5
 Orb of Destruction       Conj           34%        9d10      50%         7
 Metabolic Englaciation   Hex/Ice        9%         N/A       63%         5
 Summon Forest            Summ/Tloc      9%         N/A       63%         5
 Spellforged Servitor     Conj/Summ      24%        N/A       98%         7
 Simulacrum               Ice/Necr       9%         N/A       99%         6


Dungeon Overview and Level Annotations

Branches:
Dungeon (13/15)            Temple (1/1) D:6            Lair (4/5) D:8
  Swamp (0/4) Lair:3        Snake (0/4) Lair:3          Orc (0/2) D:10
 Vaults (0/5) D:13         Bailey (visited)         Gauntlet (visited)
  Slime: Lair:4-5

Altars:
Ashenzari
Cheibriados
Dithmenos
Fedhas
Gozag
Hepliaklqana
Kikubaaqudgha
Makhleb
Nemelex Xobeh
Okawaru
Qazlal
Ru
Sif Muna
Trog
Uskayaw
Vehumet
Wu Jian
Xom
Yredelemnul

Shops:
D:1 [[*[   D:3 *   D:5 *   D:8 [

Annotations:
D:3 1 runed translucent door, Crazy Yiuf
D:13 Nessos


Innate Abilities, Weirdness & Mutations

You have a pair of large antennae on your head. (SInv)
You are mostly covered in sharp spines.
You have an extremely huge brain. (Int +4)
Spells you cast may paralyse adjacent enemies.
You punish those that try to bend your will. (Will+)


Message History

The vampire mosquito bites you.
* * * LOW HITPOINT WARNING * * *
The vampire mosquito draws strength from your injuries!
You feel better.
You feel less invigorated.
Nessos shoots an arrow.
The arrow hits the vampire mosquito!!
The arrow burns the vampire mosquito.
The vampire mosquito is destroyed!
Nessos shoots an arrow.
The arrow hits the vampire mosquito!!
The arrow burns the vampire mosquito.
The vampire mosquito is destroyed!
Nessos shoots an arrow.
The arrow misses you.
Things that are here:
a vampire mosquito corpse; a vampire mosquito corpse Nessos shoots an arrow. x2; The arrow hits the vampire mosquito!
The arrow burns the vampire mosquito.
You hit the vampire mosquito. You burn the vampire mosquito.
The vampire mosquito is almost destroyed.
Nessos shoots an arrow.
The arrow hits the vampire mosquito!!
The arrow burns the vampire mosquito.
The vampire mosquito is destroyed!
Nessos shoots an arrow.
Nessos shoots an arrow.
The arrow barely misses you.
Nessos shoots an arrow.
The arrow hits you!
Nessos shoots an arrow.
The arrow hits you!
* * * LOW HITPOINT WARNING * * *
The arrow burns you.
You are poisoned.
* * * LOW HITPOINT WARNING * * *
Things that are here:
a vampire mosquito corpse; a vampire mosquito corpse; a vampire mosquito corpse
Okay, then.
Casting: Stone Arrow (safe; 1% risk of failure)
Confirm with . or Enter, or press ? or * to list all spells.
Okay, then.
Unknown command.
As you read the scroll of fog, it crumbles to dust.
The scroll dissolves into smoke.
You feel very sick.
Nessos shoots an arrow.
The arrow hits you!
* * * LOW HITPOINT WARNING * * *
The arrow burns you.
You die...

.##...# ....!. ..#....##
.... ...#....# ....
....#...## ...
.....#...## #..
..........## #.#
......#....## #§#
.......#....# #§# #
.......#....####@#.####
.......##....#§§§§§....#
.......###....§c§§§.....
.....### #..............
###### ##............. #
....#.......$.. #
...<###.......... .|.##
........... .##
.(........


You could see Nessos (fast, unable to see you).

Vanquished Creatures
  A minotaur (Gauntlet)
  Erolcha (D:13)
  2 centaur warriors
  3 hydras (Lair:3)
  A catoblepas (D:10)
  An ogre mage (D:13)
  2 boulder beetles
  6 two-headed ogres
  4 death yaks (Lair:3)
  Sonja (Lair:2)
  A sun demon (Gauntlet)
  A skyshark (Lair:3)
  3 orc knights (Bailey)
  A deep elf archer (D:13)
  2 deep elf zephyrmancers (D:13)
  2 orc sorcerers (Bailey)
  A deep elf pyromancer (D:12)
  3 ugly things
  3 cyclopes
  A manticore (D:10)
  2 elephants
  2 black mambas
  Maurice (D:12)
  A torpor snail (Lair:4)
  4 gargoyles
  An unseen horror (D:13)
  2 rime drakes
  10 cane toads
  A kobold demonologist (D:8)
  2 minotaur zombies (Gauntlet)
  A hellion (Gauntlet)
  A komodo dragon (shapeshifter) (D:13)
  5 yaktaurs (D:13)
  10 komodo dragons
  4 trolls
  2 polar bears (Lair:3)
  A wolf spider simulacrum (Gauntlet)
  3 hornets
  3 blink frogs (Lair:2)
  Prince Ribbit (D:9)
  4 dream sheep (Lair:4)
  2 slime creatures
  A centaur simulacrum (Gauntlet)
  32 yaks
  3 vampires
  Eustachio (D:4)
  2 wraiths
  7 wyverns
  2 basilisks
  4 vampire mosquitoes (D:13)
  Menkaure (D:4)
  2 nagas (Lair:3)
  3 swamp worms (Lair:3)
  2 acid dragons
  9 water moccasins
  A floating eye (shapeshifter) (D:11)
  2 hell hounds (Gauntlet)
  12 orc warriors
  An ice beast (D:3)
  A sky beast (D:7)
  5 black bears
  2 ogres
  12 centaurs
  A phantom (D:5)
  2 kobold brigands
  2 gnoll sergeants
  13 bullfrogs
  5 scorpions
  4 wights
  22 killer bees
  4 electric eels (Bailey)
  7 howler monkeys
  6 hounds
  2 jellies
  A gnoll bouda (D:4)
  4 orc priests
  3 sleepcaps
  Natasha (thrice) (D:3)
  8 iguanas
  10 orc wizards
  A hell rat (Lair:4)
  5 adders
  18 gnolls
  A shadow imp (D:8)
  4 white imps
  An ufetubus (D:4)
  2 worms (D:2)
  5 dart slugs
  52 orcs
  A ball python (shapeshifter) (D:11)
  6 endoplasms
  2 giant cockroaches
  20 hobgoblins
  8 jackals
  22 kobolds
  5 quokkas
  11 ball pythons
  11 bats
  5 frilled lizards
  14 goblins
  6 rats
505 creatures vanquished.

Vanquished Creatures (collateral kills)
  A death knight (D:10)
1 creature vanquished.

Vanquished Creatures (others)
  A rakshasa (D:10)
  3 vampire mosquitoes (D:13)
4 creatures vanquished.

Grand Total: 510 creatures vanquished

Notes
Turn   | Place    | Note
-------+----------+-------------------------------------------
     0 | D:1      | DemonSlayer the Demonspawn Earth Elementalist began the
                  | quest for the Orb.
     0 | D:1      | Reached XP level 1. HP: 13/13 MP: 3/3
   172 | D:1      | Gained mutation: You are partially covered in sharp spines.
                  | [demonic ancestry]
   172 | D:1      | Reached XP level 2. HP: 19/19 MP: 0/5
   308 | D:1      | Found Giaf's Armour Shoppe.
   447 | D:1      | Found Jiobotos's General Store.
   594 | D:1      | Found Uwiny's Antique Armour Emporium.
   601 | D:1      | Found Gonuvec's Antique Armour Emporium.
   880 | D:1      | Learned a level 2 spell: Passwall
   903 | D:2      | Gained mutation: You have a pair of small antennae on your
                  | head. [demonic ancestry]
   903 | D:2      | Reached XP level 3. HP: 21/24 MP: 2/6
  1191 | D:2      | Reached XP level 4. HP: 20/30 MP: 0/8
  2170 | D:2      | Learned a level 3 spell: Stone Arrow
  2209 | D:3      | Noticed Natasha
  2216 | D:3      | Killed Natasha
  2253 | D:3      | Noticed Natasha
  2347 | D:3      | Found Cijut's Assorted Antiques.
  2355 | D:3      | Bought a scroll labelled WEIN LODIY for 24 gold pieces
  2355 | D:3      | Bought an inky potion for 21 gold pieces
  2355 | D:3      | Bought a scroll labelled REAM XOXZAETSIUBB for 24 gold
                  | pieces
  2362 | D:3      | Found a runed translucent door.
  2363 | D:3      | Noticed Crazy Yiuf
  2515 | D:3      | Gained mutation: You have a pair of antennae on your head.
                  | [demonic ancestry]
  2515 | D:3      | Reached XP level 5. HP: 35/35 MP: 7/9
  2549 | D:3      | Noticed an ice beast
  2555 | D:3      | Killed an ice beast
  2646 | D:3      | Killed Natasha
  2871 | D:3      | Gained mutation: You have a pair of large antennae on your
                  | head. (SInv) [demonic ancestry]
  2871 | D:3      | Reached XP level 6. HP: 41/41 MP: 9/11
  3064 | D:3      | Identified the +7 trident of the Known World {pain, rN+
                  | SInv}
  3638 | D:3      | Noticed Natasha
  3644 | D:3      | Killed Natasha
  4055 | D:4      | Found a stormy altar of Qazlal.
  4373 | D:4      | Reached skill level 5 in Earth Magic
  4373 | D:4      | Gained mutation: You have an unusually large brain. (Int
                  | +2) [demonic ancestry]
  4373 | D:4      | Reached XP level 7. HP: 46/46 MP: 9/13
  4587 | D:4      | Noticed Eustachio
  4592 | D:4      | Killed Eustachio
  4823 | D:4      | Reached skill level 5 in Spellcasting
  5305 | D:4      | Noticed Menkaure
  5308 | D:4      | Killed Menkaure
  5309 | D:4      | Gained mutation: You have an extremely huge brain. (Int +4)
                  | [demonic ancestry]
  5309 | D:4      | Reached XP level 8. HP: 53/53 MP: 12/16
  5343 | D:4      | Learned a level 4 spell: Petrify
  5476 | D:1      | Bought a +2 troll leather armour for 324 gold pieces
  5644 | D:5      | Entered Level 5 of the Dungeon
  5783 | D:5      | Reached skill level 1 in Short Blades
  5924 | D:5      | Found Joylec's Elemental Accessories.
  6190 | D:6      | Found a staircase to the Ecumenical Temple.
  6222 | Temple   | Entered the Ecumenical Temple
  6791 | D:6      | Reached skill level 1 in Fighting
  6859 | D:6      | Reached skill level 1 in Armour
  6859 | D:6      | Reached skill level 1 in Shields
  6917 | D:6      | Reached XP level 9. HP: 25/59 MP: 12/19
  7770 | D:6      | Found a burning altar of Makhleb.
  7844 | D:6      | Found a hazy altar of Hepliaklqana.
  7844 | D:6      | Found a sparkling altar of Nemelex Xobeh.
  7854 | D:6      | Found a shimmering blue altar of Sif Muna.
  8228 | D:3      | Bought a translucent scarf for 240 gold pieces
  8228 | D:3      | Identified the scarf of the Salamander {harm, Slay+6} (You
                  | bought it in a shop on level 3 of the Dungeon)
  8352 | D:7      | Found a flagged portal.
  8361 | Bailey   | Entered a bailey
  8397 | Bailey   | Noticed an orc knight
  8421 | Bailey   | Killed an orc knight
  8474 | Bailey   | Reached skill level 1 in Polearms
  8658 | Bailey   | Reached skill level 1 in Evocations
  9267 | Bailey   | Noticed an orc knight
  9271 | Bailey   | Killed an orc knight
  9272 | Bailey   | Reached skill level 1 in Conjurations
  9272 | Bailey   | Gained mutation: Spells you cast may paralyse adjacent
                  | enemies. [demonic ancestry]
  9272 | Bailey   | Reached XP level 10. HP: 67/67 MP: 9/22
  9388 | Bailey   | Identified the +3 chain mail of Mental Paralysis {-Cast
                  | rElec Will+ Stlth+}
  9451 | Bailey   | Noticed an orc knight
  9462 | Bailey   | Killed an orc knight
  9624 | Bailey   | Found an iron altar of Okawaru.
  9627 | Bailey   | Noticed an orc sorcerer
  9629 | Bailey   | Noticed an orc sorcerer
  9635 | Bailey   | Noticed a soul eater
  9637 | Bailey   | Noticed a smoke demon
  9750 | Bailey   | Killed an orc sorcerer
  9816 | Bailey   | Killed an orc sorcerer
 10232 | Bailey   | Acquired the ring "Supt" {rPois rN+}
 10236 | Bailey   | Acquired 771 gold pieces
 10238 | Bailey   | Acquired 629 gold pieces
 10509 | D:1      | Bought a scroll of enchant armour for 90 gold pieces
 10509 | D:1      | Bought a scroll of teleportation for 36 gold pieces
 10610 | D:3      | Bought a gold wand for 96 gold pieces
 10610 | D:3      | Bought a brass ring for 120 gold pieces
 12143 | D:7      | Reached skill level 1 in Ranged Weapons
 12292 | D:8      | Noticed a +0 falchion
 12293 | D:8      | Noticed a +0 spear
 12294 | D:8      | Noticed a +0 dagger
 12556 | D:7      | You fall into a shaft and drop 3 floors!
 12556 | D:10     | Entered Level 10 of the Dungeon
 12556 | D:10     | Found a shadowy altar of Dithmenos.
 12565 | D:10     | Became a worshipper of Dithmenos the Shadowed
 12952 | D:9      | Found an ornate altar of the Wu Jian Council.
 12995 | D:9      | Noticed Prince Ribbit
 12997 | D:9      | Killed Prince Ribbit
 13035 | D:9      | Noticed a two-headed ogre
 13037 | D:9      | Killed a two-headed ogre
 13038 | D:9      | Gained mutation: You are mostly covered in sharp spines.
                  | [demonic ancestry]
 13038 | D:9      | Reached XP level 11. HP: 47/72 MP: 20/24
 13497 | D:9      | Learned a level 3 spell: Ignite Poison
 13539 | D:8      | Found Napit's Armour Shop.
 13548 | D:8      | Noticed a +0 falchion
 13548 | D:8      | Noticed a +0 dagger
 13550 | D:8      | Noticed a +0 spear
 13552 | D:8      | Noticed a +0 short sword
 13554 | D:8      | Noticed a +0 short sword
 13586 | D:8      | Reached * piety under Dithmenos
 13881 | D:8      | Found a staircase to the Lair.
 14125 | D:8      | Noticed a two-headed ogre
 14142 | D:8      | Killed a two-headed ogre
 14143 | D:8      | Reached skill level 5 in Stealth
 14315 | D:8      | Found a hide-covered altar of Uskayaw.
 14559 | D:8      | Reached ** piety under Dithmenos
 14560 | D:8      | Reached skill level 5 in Conjurations
 14587 | D:8      | Noticed a red ugly thing
 14729 | D:8      | Killed a red ugly thing
 14855 | D:8      | Identified the staff of earth "Dumyby" {rF+ Str+4}
 14855 | D:8      | Noticed a centaur warrior
 14861 | D:8      | Killed a centaur warrior
 14862 | D:8      | Reached skill level 10 in Spellcasting
 14862 | D:8      | Reached skill level 10 in Earth Magic
 15598 | D:8      | Learned a level 7 spell: Summon Hydra
 15602 | D:8      | Learned a level 3 spell: Summon Guardian Golem
 15609 | D:8      | Learned a level 6 spell: Eringya's Noxious Bog
 16100 | D:10     | Found a bloodstained altar of Trog.
 16102 | D:10     | Found an ancient bone altar of Kikubaaqudgha.
 16104 | D:10     | Found a blossoming altar of Fedhas.
 16142 | D:10     | Noticed a rakshasa
 16144 | D:10     | Noticed a catoblepas
 16178 | D:10     | Killed a catoblepas
 16555 | D:10     | Killed a rakshasa
 16759 | D:10     | Found a staircase to the Orcish Mines.
 17238 | D:10     | Reached XP level 12. HP: 79/79 MP: 19/26
 17243 | D:10     | Noticed a death knight
 17259 | D:10     | HP: 2/79 [death knight/+4 battleaxe (25)]
 17273 | D:11     | Noticed a two-headed ogre
 17665 | D:11     | Identified the +1 falchion "Ikomm" {drain, Int+2}
 18431 | D:11     | Killed a two-headed ogre
 18766 | D:10     | Identified the staff of conjuration "Pauwehij" {rPois rF-
                  | rN+ Stlth+}
 19048 | D:10     | Killed a death knight
 19308 | Lair:1   | Entered Level 1 of the Lair of Beasts
 19422 | Lair:1   | Reached *** piety under Dithmenos
 20238 | Lair:1   | Found a shimmering altar of Xom.
 20962 | Lair:2   | Found a gate leading to a gauntlet.
 20970 | Gauntlet | Entered a Gauntlet
 20970 | Gauntlet | Found a transporter.
 20980 | Gauntlet | Found a transporter.
 20995 | Gauntlet | Found a transporter.
 21000 | Gauntlet | Found a transporter.
 21008 | Gauntlet | Noticed a green death
 21015 | Gauntlet | Found a transporter.
 21034 | Gauntlet | Found a transporter.
 21046 | Gauntlet | Found a transporter.
 21058 | Gauntlet | Found a transporter.
 21070 | Gauntlet | Found a transporter.
 21076 | Gauntlet | Found a transporter.
 21091 | Gauntlet | Found a transporter.
 21097 | Gauntlet | Found a transporter.
 21134 | Gauntlet | Found a transporter.
 21136 | Gauntlet | Found a transporter.
 21163 | Gauntlet | Found a transporter.
 21163 | Gauntlet | Found a transporter.
 21178 | Gauntlet | Noticed a catoblepas
 21183 | Gauntlet | Found a transporter.
 21198 | Gauntlet | Found a transporter.
 21201 | Gauntlet | Identified the ring "Kusarch" {rN+ Int+6}
 21295 | Gauntlet | Identified the +2 pair of gloves "Peczepte" {Int+3 SInv
                  | Stlth+}
 21396 | Gauntlet | Gained mutation: You punish those that try to bend your
                  | will. (Will+) [demonic ancestry]
 21396 | Gauntlet | Reached XP level 13. HP: 63/85 MP: 11/28
 21618 | Gauntlet | Identified the +2 hat "Poul" {Str+7}
 21636 | Gauntlet | Noticed a minotaur
 21645 | Gauntlet | Killed a minotaur
 21704 | Gauntlet | Identified the +4 dagger "Ziteuj" {flame, rC+ Str+3 Dex-3
                  | Stlth+}
 21835 | Lair:2   | Noticed Sonja
 21838 | Lair:2   | Killed Sonja
 21872 | Lair:2   | Reached **** piety under Dithmenos
 22779 | Lair:3   | Found a staircase to the Snake Pit.
 23157 | Lair:3   | Found an ornate altar of the Wu Jian Council.
 23906 | Lair:3   | Found a staircase to the Swamp.
 24111 | Lair:3   | Learned a level 4 spell: Fulminant Prism
 24955 | D:12     | Noticed Maurice
 24963 | D:12     | Killed Maurice
 25042 | D:12     | Reached ***** piety under Dithmenos
 25215 | D:12     | Reached XP level 14. HP: 93/93 MP: 5/29
 25656 | D:13     | Noticed Erolcha
 25666 | D:13     | Killed Erolcha
 25805 | D:13     | Reached skill level 10 in Stealth
 26631 | D:13     | Found a gate to the Vaults.
 26748 | D:13     | Noticed Nessos
 26763 | D:13     | HP: 2/94 [Nessos/arrow (13)]
 26763 | D:13     | Shot with an arrow by Nessos

Illustrated notes

Levels and vault maps discovered:
D:1:      lightli_arrival_lavapool, layout_loops_ring, serial_shops, shop, shop,
          nicolae_shop_advertising_works [nicolae_subvault_shop_adworks],
          nicolae_shop_competitors_out_of_business, serial_bayou_ford_a,
          wad_floor_pattern_untrapped, hex_large
D:2:      layout_basic
D:3:      layout_basic, serial_shops, shop, amcnicky_mini_pool_small,
          grunt_ministairs_14, st_stairs_8, uniq_crazy_yiuf_cottage,
          uniq_natasha
D:4:      minmay_polygon_palace, layout_loops_corners, lemuel_doored_altar,
          dk_noncrumbling_4, minmay_goblin_kobold_house, uniq_eustachio,
          uniq_menkaure
D:5:      layout_rooms, nicolae_elemental_shop
D:6:      layout_basic, mainiacjoe_overflow_brackets, general_overflow_altar,
          nicolae_overflow_two_pavilions, minmay_temple_entry_glassed_door
D:7:      layout_rooms, enter_bailey_8, nicolae_sextant
D:8:      minmay_the_grid_octo_2x2 [minmay_the_grid_octo_empty,
          minmay_the_grid_octo_fan_narrow, minmay_the_grid_octo_clover,
          minmay_the_grid_octo_prize_single_spiral], layout_loops_cross,
          nicolae_uskayaw_en_pointe, serial_rivers,
          chequers_serial_rivers_marsh, chequers_serial_rivers_micro_d,
          chequers_serial_rivers_micro_a, chequers_serial_rivers_large_a,
          serial_shops, shop
D:9:      layout_loops_ring, mainiacjoe_overflow_catwalk, minmay_misc_feat_rows,
          uniq_prince_ribbit1
D:10:     layout_layer_cave, nicolae_dithmenos_shadow_blocks,
          chequers_temple_overflow_statue_of_worship, orc_0_dummy,
          minmay_checkerbox
D:11:     layout_rooms, minmay_diamond_spiral
D:12:     layout_basic, uniq_maurice
D:13:     minmay_ice_pillars, layout_cave_pods,
          hangedman_vaults_entry_quadrant_bands, serial_shops,
          nicolae_shop_tiny_waterfront, uniq_erolcha, uniq_nessos
Temple:   nicolae_temple_bog_church
Lair:1:   layout_long_grid, lightli_volcano_entry_magma_tube,
          nicolae_lair_lil_pond, lemuel_centaur_altar, serial_bayou_shore_b,
          infiniplex_staircase_pool
Lair:2:   layout_roguey, gauntlet_entry_generic, grunt_megastairs_2, uniq_sonja
Lair:3:   wad_woods_stonehenge, layout_regular_city, palyth_hydra_swamp_entry,
          guppyfry_snake_entry_garden
Lair:4:   nzn_winding_woodlands_cross [nzn_winding_woodlands_5x15_concentric,
          nzn_winding_woodlands_5x15_split_checker,
          nzn_winding_woodlands_5x15_longhouse,
          nzn_winding_woodlands_5x15_crooked,
          nzn_winding_woodlands_15x15_killbox], layout_loops_ring,
          lemuel_fruit_tree

Skill      XL: |  1  2  3  4  5  6  7  8  9 10 11 12 13 14 |
---------------+-------------------------------------------+-----
Stealth        | 2 3 4 6 7 9 10 | 10.6
Earth Magic    | 3 4 5 7 8 9 10 11 12 | 12.0
Spellcasting   | 3 4 5 7 8 9 10 11 12 | 12.0
Dodging        | 2 3 4 |  4.9
Short Blades   | 1 2 3 |  3.0
Fighting       | 1 2 3 |  3.7
Armour         | 1 2 3 4 |  4.5
Shields        | 1 |  1.4
Polearms       | 1 2 3 4 |  4.7
Evocations     | 1 2 3 |  3.6
Conjurations   | 1 4 6 7 9 |  9.3
Ranged Weapons | 3 |  3.1
Throwing       | |  0.8
Transmutations | |  0.8

Action                     |  1- 3 |  4- 6 |  7- 9 | 10-12 | 13-15 || total
---------------------------+-------+-------+-------+-------+-------++-------
  Melee: Dagger            |     6 |    12 |     7 |       |   113 ||   138
         Trident           |       |       |    26 |    79 |     2 ||   107
   Fire: Sling             |       |       |       |    33 |       ||    33
  Throw: Throwing net      |       |       |       |     1 |     1 ||     2
         Dart              |       |       |       |       |     8 ||     8
   Cast: Sandblast         |    43 |    77 |   136 |    23 |     2 ||   281
         Stone Arrow       |       |       |    25 |   245 |   152 ||   422
         Summon Guardian G |       |       |       |     1 |       ||     1
  Evoke: Wand              |       |       |     8 |    24 |     4 ||    36
         Phial of floods   |       |       |       |     3 |     1 ||     4
         Box of beasts     |       |       |       |     2 |     1 ||     3
         Phantom mirror    |       |       |       |     2 |     1 ||     3
    Use: Potion            |       |     2 |     3 |     4 |     6 ||    15
         Scroll            |       |       |     7 |    18 |    11 ||    36
   Stab: Sleeping          |     5 |     9 |     3 |    11 |    29 ||    57
         Paralysed         |       |       |       |    30 |    24 ||    54
 Armour: Robe              |     2 |    13 |     3 |       |       ||    18
         Skin              |       |     1 |       |       |       ||     1
         Troll leather arm |       |       |    28 |    35 |    51 ||   114
  Dodge: Dodged            |     6 |    14 |    67 |    88 |   102 ||   277
  Block: Other             |       |     5 |    30 |     3 |       ||    38
         Reflection        |       |       |     5 |       |       ||     5
